Map: Cyber Forest LE

Players

Rob

  • Race: Protoss Protoss
  • League: Grandmaster
  • Spawn Location: 11:00

Jason - Winner!

  • Race: Terran Terran
  • League: Grandmaster
  • Spawn Location: 5:00

VOD

Have the link to the VOD?

Description

Time

  • Played on: May 13, 2019, 1:27 p.m.
  • Length: 15:02
Show
View Real Time Build Order
Export as new Build Order

Rob Protoss 

Build Orders:  

Get SALT Encoding   

  12  0:00  Probe  
  13  0:13  Probe  
  14  0:18  Pylon  
  14  0:25  Probe  
  15  0:36  Probe  
  15  0:37  Gateway  
  16  0:44  Probe  
  17  0:51  Pylon  
  17  0:53  Probe  
  18  1:00  Assimilator  
  18  1:10  Gateway  
  18  1:13  Probe  
  19  1:26  Probe  
  19  1:27  Zealot  
  20  1:32  Cybernetics Core  
  20  1:39  Probe  
  23  2:03  Nexus  
  23  2:11  Stalker  
  23  2:14  Probe  
  26  2:20  Assimilator  
  26  2:26  Probe  
  26  2:30  Warp Gate  
  26  2:35  Stalker  
  28  2:39  Probe  
  29  2:51  Probe  
  29  2:54  Pylon  
  30  3:03  Probe  
  31  3:15  Probe  
  31  3:18  Probe  
  33  3:23  Robotics Facility  
  33  3:27  Probe  
  33  3:29  Probe  
  35  3:35  Probe  
  35  3:37  Probe  
  36  3:41  Gateway  
  36  3:43  Probe  
  36  3:44  Gateway  
  36  3:45  Probe  
  36  3:54  Probe  
  37  3:57  Probe  
  39  4:06  Probe  
  39  4:07  Observer  
  38  4:10  Probe  
  38  4:13  Robotics Bay  
  38  4:16  Pylon  
  40  4:18  Probe  
  40  4:19  Pylon  
  40  4:20  Stalker  
  40  4:21  Warp Prism  
  40  4:22  Stalker  
  40  4:23  Probe  
  46  4:30  Probe  
  47  4:36  Assimilator  
  47  4:37  Probe  
  47  4:38  Assimilator  
  50  4:42  Probe  
  50  4:45  Pylon  
  51  4:51  Stalker x2  
  55  4:55  Disruptor  
  55  4:56  Stalker, Probe  
  61  5:08  Gravitic Drive  
  61  5:09  Probe x2  
  47  5:21  Probe  
  48  5:24  Probe  
  48  5:26  Disruptor  
  52  5:36  Probe  
  52  5:38  Probe  
  54  5:47  Twilight Council  
  54  5:48  Probe  
  55  5:50  Probe  
  56  6:00  Probe  
  56  6:02  Probe  
  58  6:12  Probe  
  58  6:13  Disruptor  
  58  6:14  Probe  
  64  6:24  Probe  
  64  6:26  Probe  
  65  6:36  Dark Shrine  
  65  6:38  Probe x2  
  67  6:40  Charge  
  67  6:42  Pylon  
  67  6:44  Disruptor  
  67  6:50  Probe  
  71  7:01  Probe  
  71  7:02  Nexus  
  71  7:03  Pylon  
  71  7:05  Forge  
  72  7:11  Probe  
  72  7:13  Probe  
  74  7:29  Disruptor  
  77  7:30  Probe x2  
  77  7:32  Robotics Facility  
  76  7:52  Protoss Ground Weapons Level 1  
  76  7:54  Probe x2  
  78  8:04  Nexus, Pylon  
  78  8:06  Probe x2  
  78  8:07  Dark Templar x4  
  88  8:18  Probe x2  
  88  8:25  Probe  
  89  8:30  Probe  
  90  8:37  Probe  
  90  8:40  Stalker x4  
  99  8:42  Probe  
  99  8:43  Probe  
  101  8:49  Probe  
  101  8:53  Gateway  
  101  8:55  Probe, Gateway x2  
  103  8:58  Blink  
  101  9:08  Stalker x4  
  101  9:09  Pylon  
  105  9:10  Probe x2  
  103  9:22  Probe x2  
  103  9:23  Probe  
  104  9:26  Disruptor x2  
  104  9:30  Probe  
  105  9:34  Assimilator x2, Probe x2  
  105  9:36  Assimilator  
  113  9:39  Assimilator, Protoss Ground Weapons Level 2  
  113  9:51  Nexus  
  113  9:54  Forge  
  113  9:59  Pylon  
  113  10:00  Stalker x3  
  113  10:04  Probe x3  
  122  10:08  Probe  
  123  10:15  Templar Archives  
  123  10:16  Probe x2  
  123  10:19  Probe  
  126  10:26  Stalker x4, Pylon  
  134  10:28  Probe  
  134  10:30  Probe x2  
  134  10:31  Protoss Ground Armor Level 1  
  137  10:39  Probe  
  137  10:40  Probe  
  137  10:42  Probe  
  140  10:49  Pylon  
  140  10:51  Pylon  
  140  10:53  Probe, Pylon  
  141  10:59  Pylon  
  141  11:00  Pylon  
  141  11:07  Stalker x6  
  153  11:16  Colossus  
  153  11:18  Psionic Storm  
  153  11:20  Gateway  
  153  11:21  Gateway  
  153  11:23  Colossus  
  153  11:24  Gateway  
  153  11:25  Gateway  
  151  11:28  Gateway  
  132  11:57  Stalker x5  
  132  11:58  Stalker  
  144  12:04  Disruptor  
  144  12:05  Probe x4  
  148  12:13  Protoss Ground Weapons Level 3  
  151  12:17  Probe  
  151  12:18  Zealot x3  
  132  12:33  Zealot x8  
  129  12:56  High Templar x9  
  129  12:57  High Templar  
  133  13:00  Cybernetics Core  
  120  13:05  Archon  
  120  13:06  Archon x4  
  120  13:12  Gateway  
  117  13:14  Gateway  
  117  13:17  Gateway  
  98  13:26  Disruptor  
  83  13:32  Zealot x2  
  83  13:33  Zealot x8  
  97  13:45  Nexus  
  97  13:55  Stalker x8  
  103  13:56  Stalker  
  114  14:04  Pylon  
  114  14:05  Pylon  
  114  14:06  Pylon  
  108  14:39  Dark Templar x2  
  97  14:48  Dark Templar  
Show
View Real Time Build Order
Export as new Build Order

Jason Terran - Winner!

Build Orders: Gas First Reaper Expand 

Get SALT Encoding   

  12  0:01  SCV  
  13  0:13  SCV  
  14  0:17  Supply Depot  
  14  0:25  SCV  
  15  0:30  Refinery  
  15  0:39  SCV  
  16  0:44  Barracks  
  16  0:51  SCV  
  17  1:03  SCV  
  18  1:15  SCV  
  19  1:32  Reaper, Orbital Command  
  20  1:56  Command Center  
  20  1:59  SCV  
  21  2:04  Barracks Tech Lab  
  21  2:06  Supply Depot  
  21  2:11  Barracks Reactor  
  21  2:15  Factory  
  21  2:18  SCV  
  22  2:27  Bunker  
  22  2:30  SCV  
  22  2:35  Refinery  
  23  2:42  SCV  
  24  2:47  Marine x2  
  26  2:54  SCV  
  27  3:00  Widow Mine  
  28  3:06  Marine  
  28  3:09  Starport  
  28  3:11  SCV  
  30  3:16  Orbital Command  
  30  3:29  SCV  
  30  3:31  Barracks Tech Lab  
  30  3:33  Widow Mine  
  30  3:34  Widow Mine  
  35  3:37  Orbital Command  
  35  3:41  SCV  
  36  3:48  Medivac  
  36  3:53  SCV  
  38  4:08  Widow Mine, Marine  
  38  4:09  SCV x2, Widow Mine  
  44  4:11  Bunker  
  44  4:18  Command Center  
  44  4:21  SCV  
  45  4:26  SCV  
  46  4:38  Supply Depot  
  46  4:44  Supply Depot  
  46  4:57  Supply Depot  
  46  4:59  SCV x2, Starport Tech Lab, Siege Tank, Marine x2  
  53  5:11  SCV x2  
  53  5:14  Barracks  
  53  5:16  Barracks  
  53  5:19  Raven  
  53  5:20  Marine, Supply Depot  
  53  5:21  Marine  
  53  5:23  SCV x2, Engineering Bay  
  55  5:31  Siege Tank  
  55  5:34  Supply Depot  
  55  5:35  Orbital Command  
  58  5:36  SCV x2  
  58  5:42  Marine  
  61  5:43  Marine  
  61  5:48  Terran Infantry Weapons Level 1, SCV x2  
  64  5:52  Refinery  
  64  6:00  SCV x2  
  64  6:01  Supply Depot, Refinery  
  64  6:03  Marine x2  
  68  6:11  SCV  
  69  6:12  SCV x2  
  71  6:21  Starport Reactor  
  71  6:23  Factory Reactor, Barracks x2  
  71  6:24  SCV  
  71  6:25  SCV  
  73  6:31  Marine  
  73  6:32  SCV, Marauder  
  75  6:35  Marine  
  75  6:36  Marine  
  75  6:39  Stimpack  
  77  6:40  SCV  
  77  6:46  SCV x2  
  80  6:50  Marine  
  81  6:56  Marauder  
  81  6:57  Marauder  
  81  7:00  Combat Shield  
  85  7:03  SCV x3  
  85  7:07  Marine  
  85  7:08  Marine  
  90  7:13  Barracks Tech Lab x2  
  90  7:19  Widow Mine  
  85  7:25  SCV x2  
  85  7:26  SCV, Widow Mine  
  85  7:27  Marine  
  85  7:28  Marauder  
  93  7:33  Medivac x2  
  93  7:34  Marine x2  
  93  7:35  Marauder  
  93  7:36  Orbital Command  
  101  7:37  Starport, Marine  
  101  7:41  SCV  
  103  7:44  SCV  
  97  7:51  Widow Mine  
  97  7:53  SCV  
  97  7:54  Marine  
  97  7:56  SCV  
  97  7:57  Marine  
  103  8:00  Marauder, Marine x2  
  103  8:02  SCV  
  103  8:04  Marine  
  109  8:09  Supply Depot  
  109  8:12  SCV x2, Marine  
  109  8:14  SCV  
  109  8:19  Supply Depot  
  108  8:21  Viking x2  
  108  8:23  Supply Depot  
  108  8:24  SCV x2  
  108  8:26  SCV  
  112  8:29  Concussive Shells  
  112  8:34  Liberator, Marine  
  105  8:36  SCV x2  
  105  8:38  SCV, Marine x3  
  105  8:39  Marauder  
  104  8:41  Marine  
  105  8:49  SCV  
  105  8:51  SCV x2  
  105  8:52  Marine  
  105  8:55  Sensor Tower  
  112  8:56  Marine  
  111  9:06  SCV  
  112  9:11  SCV x2  
  112  9:13  Starport Tech Lab  
  112  9:15  Fusion Core  
  112  9:19  Marine x2  
  112  9:20  Marauder  
  116  9:24  SCV x2  
  116  9:25  Marauder, Marine x2  
  116  9:27  SCV, Liberator  
  116  9:30  Refinery  
  116  9:31  Refinery  
  106  9:32  Terran Infantry Armor Level 1  
  106  9:34  Liberator  
  106  9:36  SCV x2  
  106  9:37  Marine x2  
  110  9:40  Widow Mine  
  110  9:41  Marine  
  110  9:43  Marauder, Marine  
  110  9:44  Liberator  
  119  9:46  Marine  
  119  9:48  SCV  
  124  9:55  Marine x2  
  124  9:59  Marauder  
  128  10:00  Marine  
  128  10:04  Marine  
  128  10:05  Marauder  
  128  10:06  Advanced Ballistics  
  135  10:07  Supply Depot  
  135  10:10  Supply Depot  
  135  10:11  Supply Depot  
  135  10:13  Marine x2  
  137  10:15  SCV x3  
  137  10:18  Marine  
  141  10:22  Marine x2  
  141  10:25  Liberator  
  141  10:28  Supply Depot  
  143  10:29  Supply Depot x2  
  143  10:31  Marine x2  
  143  10:32  Marauder  
  143  10:35  Liberator x2  
  147  10:36  SCV, Marine  
  147  10:39  SCV  
  147  10:40  Marauder, Marine  
  156  10:56  Marine x2  
  164  10:57  Marine  
  164  10:58  Marine  
  165  11:08  Liberator  
  164  11:17  Command Center  
  164  11:18  Marauder x3  
  170  11:19  Marine  
  170  11:25  Liberator  
  173  11:32  Liberator, Marine  
  176  11:33  Marauder  
  176  11:36  SCV  
  176  11:37  SCV  
  176  11:39  Marine x2  
  184  11:48  SCV  
  184  11:50  Liberator  
  173  11:54  Marine x2  
  173  11:55  Marauder  
  173  11:58  Marine x2  
  173  11:59  Marauder  
  181  12:08  Liberator  
  184  12:10  Sensor Tower  
  184  12:12  Marine x2  
  184  12:15  Liberator  
  179  12:28  Marauder, Marine x3  
  184  12:33  Liberator, Marine x2  
  184  12:46  Marauder x2, Marine  
  184  12:49  Marine  
  184  12:51  Liberator, Marine  
  183  12:55  Marine  
  184  13:04  Marine  
  175  13:07  Marine  
  175  13:08  Marauder, Marine  
  175  13:09  Marine  
  175  13:12  Planetary Fortress  
  183  13:13  Marauder  
  184  13:21  Medivac  
  184  13:22  Marine  
  184  13:25  Marine  
  184  13:26  Marine  
  188  13:27  Marauder  
  188  13:28  Marine, Widow Mine  
  191  13:34  Marauder  
  191  13:36  Refinery  
  191  13:40  Marine  
  191  13:41  Engineering Bay  
  194  13:43  Marauder  
  194  13:44  Armory, Marine  
  194  13:45  Widow Mine  
  194  13:46  Marine  
  200  13:58  Orbital Command  
  200  14:08  Refinery  
  197  14:21  Marine  
  197  14:22  Marauder x2  
  199  14:27  Marauder, Marine x2  
  199  14:39  Marine  
Tags
 
Add a new tag
Caveats
  • Supply blocks, unpowered buildings, or Contaminate may cause inaccurate times.
  • Supply counts are checked every 10 seconds.